 Dungeon Crawl Stone Soup version 0.29-a0-330-g52719c12eb (webtiles) character file.

Game seed: 478347286246227344

15495 huldread the Sharpshooter (level 12, -12/107 HPs)
             Began as a Minotaur Fighter on Apr 24, 2022.
             Was a High Priest of Okawaru.
             Hit by a large rock thrown by a cyclops (24 damage)
             ... on level 10 of the Dungeon.
             The game lasted 00:22:59 (10864 turns).

huldread the Sharpshooter (Minotaur Fighter)       Turns: 10864, Time: 00:23:04

Health: -12/107    AC: 19    Str: 30    XL:     12   Next: 1%
Magic:  1/14       EV: 14    Int:  5    God:    Okawaru [*****.]
Gold:   656        SH:  0    Dex: 16    Spells: 11/11 levels left

rFire   . . .      SeeInvis +   u - +6 arbalest of the Blessed Realm {venom, rPois Will+ Str+4 SInv}
rCold   . . .      Faith    +   (shield currently unavailable)
rNeg    . . .      Spirit   .   E - +1 plate armour
rPois   +          Reflect  .   (helmet restricted)
rElec   .          Harm     .   C - +0 cloak
rCorr   .          Rampage  .   (no gloves)
Will    +....                   (no boots)
Stlth   ..........              k - amulet of faith
HPRegen 0.27/turn               m - +4 ring of evasion
MPRegen 0.14/turn               r - +6 ring of strength

@: heroic, finesse-ful, hasted and slowed
A: horns 2, retaliatory headbutt
a: Renounce Religion, Heroism, Finesse, Duel


You were on level 10 of the Dungeon.
You worshipped Okawaru.
Okawaru was extremely pleased with you.
You visited 2 branches of the dungeon, and saw 11 of its levels.
You also visited: Bailey.

You collected 656 gold pieces.

Inventory:

Hand Weapons
 a - a +1 war axe of venom
 u - the +6 arbalest of the Blessed Realm (weapon) {venom, rPois Will+ Str+4 SInv}
   (You found it on level 3 of the Dungeon)

   Any ammunition fired from it poisons the flesh of those it strikes.
   Str:       It affects your strength (+4).
   rPois:     It protects you from poison.
   SInv:      It lets you see invisible.
   Will:      It increases your willpower.
Armour
 b - a +0 cloak
 c - a +0 buckler
 C - a +0 cloak (worn)
 E - a +1 plate armour (worn)
Jewellery
 k - an amulet of faith (around neck)
 m - a +4 ring of evasion (left hand)
 q - a ring of positive energy
 r - a +6 ring of strength (right hand)
 B - an amulet of guardian spirit
 F - an amulet of regeneration
Wands
 l - a wand of paralysis (7)
 z - a wand of flame (19)
 H - a wand of digging (6)
 M - a wand of polymorph (3)
Scrolls
 f - 9 scrolls of teleportation
 g - a scroll of immolation
 i - 4 scrolls of amnesia
 o - a scroll of identify
 p - 4 scrolls of enchant armour
 t - a scroll of fog
 v - 3 scrolls of fear
 w - a scroll of enchant weapon
 G - a scroll of brand weapon
Potions
 d - a potion of invisibility {unknown}
 e - a potion of magic
 h - 2 potions of brilliance {unknown}
 s - a potion of ambrosia {unknown}
 x - 5 potions of curing {unknown}
 J - a potion of degeneration {unknown}
 K - a potion of flight {unknown}


   Skills:
 + Level 10.4(15.4) Fighting
 - Level 4.5(9.5) Axes
 * Level 15.8(20.8) Crossbows
 - Level 9.0(14.0) Armour
 - Level 8.9(13.9) Shields
 + Level 4.1 Invocations


You had 11 spell levels left.
You didn't know any spells.
Your spell library contained the following spells:

 Spells                   Type           Power      Damage    Failure   Level
 Magic Dart               Conj           0%         1d3       97%         1
 Pain                     Necr           0%         1d4       97%         1
 Shock                    Conj/Air       0%         1d3       97%         1
 Ensorcelled Hibernation  Hex/Ice        0%         N/A       99%         2
 Searing Ray              Conj           0%         2d4       99%         2
 Dazzling Flash           Conj/Hex       0%         N/A       100%        3
 Mephitic Cloud           Conj/Pois/Air  0%         N/A       100%        3
 Spider Form              Tmut/Pois      0%         N/A       100%        3
 Vampiric Draining        Necr           0%         2d6       100%        3
 Anguish                  Hex/Necr       0%         N/A       100%        4
 Fulminant Prism          Conj/Hex       0%         3d6       100%        4
 Animate Skeleton         Necr           Unusable   N/A       N/A         1
 Tukima's Dance           Hex            Unusable   N/A       N/A         3

Dungeon Overview and Level Annotations

Branches:
Dungeon (10/15)            Temple (1/1) D:5            Lair (0/6) D:9
    Orc (0/2) D:10         Bailey (visited)

Altars:
Ashenzari
Cheibriados
Dithmenos
Elyvilon
Fedhas
Gozag
Hepliaklqana
Kikubaaqudgha
Makhleb
Nemelex Xobeh
Okawaru
Qazlal
Ru
Sif Muna
Trog
Uskayaw
Vehumet
Wu Jian
Xom
Yredelemnul
Zin
The Shining One

Shops:
D:1 [(:((   D:4 *


Innate Abilities, Weirdness & Mutations

You have a pair of horns on your head.
You reflexively headbutt those who attack you in melee.


Message History

You shoot a bolt.
The bolt closely misses the freezing wraith.
The bolt hits the cyclops.
The cyclops is poisoned.
The cyclops is lightly wounded.
You hear a shout!
The freezing wraith hits you. The freezing wraith freezes you!
* * * LOW HITPOINT WARNING * * *
The freezing wraith barely misses you.
The freezing wraith hits you but does no damage.
The freezing wraith barely misses you.
You feel much better. The freezing wraith hits you.
The freezing wraith freezes you! The freezing wraith hits you.
You feel yourself speed up.
The freezing wraith hits you but does no damage. x2
You gain the combat prowess of a mighty hero.
You can now deal lightning-fast blows.
The freezing wraith hits you but does no damage.
The freezing wraith hits you!
* * * LOW HITPOINT WARNING * * *
The freezing wraith drains your vigour!
You feel yourself slow down.
Shoot: u) +6 arbalest of the Blessed Realm {venom, rPois Will+ Str+4 SInv}
Press: ? - help, Q - select action, (/) - cycle Shift-Dir - straight line, f/p - freezing wraith
Aim: a freezing wraith (heavily damaged, 76% to hit)
You shoot a bolt. The bolt hits the freezing wraith!
The freezing wraith is severely damaged.
The freezing wraith hits you.
* * * LOW HITPOINT WARNING * * *
The freezing wraith freezes you!
* * * LOW HITPOINT WARNING * * *
The freezing wraith hits you but does no damage.
A freezing wraith comes into view.
Okay, then.
Okay, then.
As you read the scroll of holy word, it crumbles to dust.
You speak a Word of immense power!
The freezing wraith convulses!
You destroy the freezing wraith!
Okawaru accepts your kill.
The freezing wraith convulses!
The cyclops throws a large rock.
The large rock hits you!!
You die...

... ............##.....
##.####.........).).....
..... #...........#)....
.....H#..#######..#.)...
.Cecc.#..# ##...##..)..
CO8.H.WH.####..#####....
#C# #<..## #.....
#)###.### #..... #@##.(#
#..... ###.####)##.##
#..<.. ....(....#..#
#..... ###.##.##.####
##.... #...[......###
##...
##########...#########
###........##
##......... ##......##


You could see a manticore, a cyclops (very poisoned) and a freezing wraith
(dazed).

Vanquished Creatures
  An orc warlord (Bailey)
  3 two-headed ogres
  3 centaur warriors (D:10)
  A deep elf pyromancer (D:10)
  A manticore (D:10)
  An orc knight (D:10)
  A cyclops (D:10)
  Maurice (D:9)
  A freezing wraith (D:10)
  A troll (D:10)
  A hornet (D:10)
  A wyvern (D:7)
  Grum (D:9)
  2 wraiths
  4 vampire mosquitoes (D:9)
  2 acid dragons
  5 water moccasins
  4 orc warriors
  An ice beast (D:8)
  A black bear (D:6)
  2 sky beasts (D:6)
  An ogre (D:6)
  2 wolves (D:9)
  3 centaurs
  A phantom (D:6)
  A bullfrog (D:6)
  4 kobold brigands
  2 gnoll sergeants
  3 necrophages
  A scorpion (D:5)
  10 wights
  2 howler monkeys (D:8)
  13 orc priests
  Crazy Yiuf (D:4)
  3 jellies
  2 hounds (D:6)
  2 iguanas
  9 orc wizards
  9 adders
  13 gnolls
  A shadow imp (D:6)
  2 white imps (D:6)
  A howler monkey simulacrum (D:10)
  An ufetubus (D:6)
  3 worms
  3 dart slugs
  42 orcs
  5 bats
  4 endoplasms
  5 giant cockroaches
  12 goblins
  10 hobgoblins
  2 jackals (D:4)
  42 kobolds
  5 quokkas
  10 ball pythons
  5 frilled lizards
  5 rats
278 creatures vanquished.

Vanquished Creatures (others)
  An orc wizard (D:3)
  A plant (D:2)
2 creatures vanquished.

Grand Total: 280 creatures vanquished

Notes
Turn   | Place    | Note
-------+----------+-------------------------------------------
     0 | D:1      | huldread the Minotaur Fighter began the quest for the Orb.
     0 | D:1      | Reached XP level 1. HP: 19/19 MP: 0/0
   120 | D:1      | Found Edoack's Antique Armour Shop.
   147 | D:1      | Found a faded altar of an unknown god.
   178 | D:1      | Reached XP level 2. HP: 16/27 MP: 1/1
   317 | D:1      | Found Tuvonaz's Antique Weapon Shoppe.
   423 | D:1      | Found Oruteh's Book Shoppe.
   504 | D:1      | Found Bexiv's Antique Weapon Shoppe.
   553 | D:1      | Found Desegiq's Antique Weapon Shop.
   581 | D:1      | Reached XP level 3. HP: 29/33 MP: 2/2
  1597 | D:3      | Reached XP level 4. HP: 8/41 MP: 3/3
  1605 | D:3      | Reached XP level 5. HP: 7/47 MP: 4/4
  1956 | D:3      | You fall into a shaft and drop 1 floor!
  1983 | D:4      | Found Lukhynef's General Store.
  2068 | D:4      | Reached skill level 5 in Fighting
  2068 | D:4      | Reached skill level 5 in Shields
  2104 | D:3      | Reached skill level 5 in Armour
  2111 | D:3      | Reached XP level 6. HP: 55/56 MP: 5/5
  2465 | D:3      | Identified the +6 arbalest of the Blessed Realm {venom,
                  | rPois Will+ Str+4 SInv}
  2761 | D:4      | Reached skill level 1 in Crossbows
  3034 | D:4      | Reached skill level 2 in Crossbows
  3241 | D:4      | Found a stormy altar of Qazlal.
  3387 | D:4      | Found a runed translucent door.
  3388 | D:4      | Noticed Crazy Yiuf
  3480 | D:4      | Found a shimmering blue altar of Sif Muna.
  3490 | D:4      | Reached XP level 7. HP: 52/61 MP: 3/6
  3644 | D:4      | Found a basalt altar of Yredelemnul.
  3795 | D:4      | Killed Crazy Yiuf
  3891 | D:5      | Entered Level 5 of the Dungeon
  3951 | D:5      | Reached skill level 3 in Crossbows
  3973 | D:5      | Found an opulent altar of Gozag.
  3981 | D:5      | Found a staircase to the Ecumenical Temple.
  3992 | Temple   | Entered the Ecumenical Temple
  4126 | Temple   | Became a worshipper of Warmaster Okawaru
  4269 | D:5      | Reached skill level 4 in Crossbows
  4584 | D:6      | Reached * piety under Okawaru
  4625 | D:6      | Reached XP level 8. HP: 71/71 MP: 7/7
  4675 | D:6      | Reached skill level 5 in Crossbows
  4738 | D:6      | Reached ** piety under Okawaru
  4875 | D:6      | Reached skill level 6 in Crossbows
  5213 | D:6      | Reached XP level 9. HP: 79/79 MP: 8/8
  5525 | D:7      | Reached skill level 7 in Crossbows
  5530 | D:7      | Found a flagged portal.
  5540 | Bailey   | Entered a bailey
  5545 | Bailey   | Noticed an orc warlord
  5569 | Bailey   | Found a runed translucent gate.
  5569 | Bailey   | Found a runed translucent gate.
  5569 | Bailey   | Found a runed translucent gate.
  5999 | Bailey   | Killed an orc warlord
  5999 | Bailey   | Reached *** piety under Okawaru
  6000 | Bailey   | Reached skill level 8 in Crossbows
  6297 | Bailey   | Got the Handbook of Enchantment and Air
  6309 | Bailey   | Reached skill level 13 in Crossbows
  6309 | Bailey   | Reached XP level 10. HP: 90/90 MP: 9/9
  8190 | D:8      | Noticed a two-headed ogre
  8198 | D:8      | Killed a two-headed ogre
  8199 | D:8      | Reached skill level 14 in Crossbows
  8204 | D:8      | Reached **** piety under Okawaru
  8427 | D:8      | Reached XP level 11. HP: 95/95 MP: 10/10
  9042 | D:9      | Found a snail-covered altar of Cheibriados.
  9043 | D:9      | Found a radiant altar of Vehumet.
  9060 | D:9      | Noticed Grum
  9073 | D:9      | Killed Grum
  9322 | D:9      | Received a gift from Okawaru
  9335 | D:9      | Received a gift from Okawaru
  9552 | D:9      | Found a staircase to the Lair.
  9608 | D:9      | Noticed Maurice
  9614 | D:9      | Killed Maurice
  9615 | D:9      | Reached skill level 1 in Invocations
  9691 | D:9      | Noticed a two-headed ogre
  9694 | D:9      | Killed a two-headed ogre
  9694 | D:9      | Reached ***** piety under Okawaru
 10101 | D:10     | Entered Level 10 of the Dungeon
 10101 | D:10     | Noticed a two-headed ogre
 10105 | D:10     | Killed a two-headed ogre
 10106 | D:10     | Reached skill level 15 in Crossbows
 10449 | D:10     | Found a staircase to the Orcish Mines.
 10451 | D:10     | Noticed a centaur warrior
 10458 | D:10     | HP: 4/99 [centaur warrior/arrow (8)]
 10460 | D:10     | Killed a centaur warrior
 10460 | D:10     | Received a gift from Okawaru
 10824 | D:10     | Noticed a deep elf pyromancer
 10824 | D:10     | Noticed a centaur warrior
 10824 | D:10     | Noticed a centaur warrior
 10824 | D:10     | Noticed an ogre mage
 10832 | D:10     | Killed a centaur warrior
 10833 | D:10     | Reached skill level 10 in Fighting
 10834 | D:10     | Noticed an orc knight
 10836 | D:10     | Killed a centaur warrior
 10841 | D:10     | Killed an orc knight
 10851 | D:10     | Identified the +2 kite shield "Nifowk" {-Tele rElec rPois
                  | rC++} (Okawaru gifted it to you on level 10 of the Dungeon)
 10851 | D:10     | Received a gift from Okawaru
 10856 | D:10     | Killed a deep elf pyromancer
 10857 | D:10     | Reached XP level 12. HP: 50/107 MP: 7/14
 10864 | D:10     | Hit by a large rock thrown by a cyclops

Illustrated notes

Levels and vault maps discovered:
D:1:      noname_arrival_rooms_in_the_neighbourhood, layout_basic, serial_shops,
          shop, shop, nicolae_shop_statue_plus, nicolae_shop_behind_doors,
          nicolae_shop_behind_doors, basic_ecumenical_altar
D:2:      layout_basic, chequers_big_river, minmay_misc_feat_columns
D:3:      minmay_chambers_of_threes, layout_loops_ring
D:4:      layout_basic, mainiacjoe_overflow_tiny_flanked,
          kennysheep_orc_sif_temple, mainiacjoe_overflow_paths, serial_shops,
          shop, uniq_crazy_yiuf_cottage
D:5:      layout_basic, nicolae_gozag_seed_capital,
          minmay_temple_entry_stoned_glass
D:6:      layout_loops_cross, chequers_serial_rivers_large_a, st_stairs_13
D:7:      layout_basic, enter_bailey_6, minmay_a_box_with_orc_wizards_in_it
D:8:      layout_basic, minivault_5
D:9:      layout_irregular_city, nicolae_overflow_squiral, lair_entry_dummy,
          serial_column_ruins, column_ruins_hut, column_ruins_hut_water,
          column_ruins_columns_dead_end, column_ruins_grid_1,
          column_ruins_grid_1, column_ruins_open_tiny,
          column_ruins_columns_corner, column_ruins_columns_corner,
          st_stairs_11, uniq_grum, uniq_maurice
D:10:     layout_rooms, st_stairs_1, minivault_28
Temple:   eino_temple_scatter_basement

Skill      XL: |  1  2  3  4  5  6  7  8  9 10 11 |
---------------+----------------------------------+-----
Fighting       | 4 5 6 7 8 10 | 10.4
Axes           | 3 4 |  4.5
Armour         | 4 5 6 7 8 9 |  9.0
Shields        | 4 5 6 7 8 |  8.9
Crossbows      | 2 4 6 13 14 15 | 15.8
Invocations    | 4 |  4.1

Action                   |  1- 3 |  4- 6 |  7- 9 | 10-12 || total
-------------------------+-------+-------+-------+-------++-------
Melee: War axe           |    86 |   127 |    12 |       ||   225
       Headbutt          |    12 |    22 |     2 |       ||    36
 Fire: Arbalest          |       |       |   142 |   223 ||   365
Invok: Heroism           |       |       |     1 |     3 ||     4
       Finesse           |       |       |       |     2 ||     2
  Use: Potion            |       |       |     7 |     9 ||    16
       Scroll            |       |       |     5 |    10 ||    15
Armor: Scale mail        |    24 |    34 |    12 |       ||    70
       Plate armour      |       |       |    45 |    85 ||   130
Dodge: Dodged            |    37 |    70 |    79 |   135 ||   321
Block: Buckler           |    18 |    27 |     2 |       ||    47

Table legend: (Time is in decaauts)
 A = Elapsed time spent in this place.
 B = Non-inter-level travel time spent in this place.
 C = Inter-level travel time spent in this place.
 D = Time resting spent in this place.
 E = Time spent auto-exploring this place.
 F = Levels seen in this place.
 G = Mean time per level.
                   A        B        C        D        E       F      G
               +--------+--------+--------+--------+--------+-----+--------+
         Total |  11138 |  10821 |    317 |   1174 |   7869 |  12 |  928.2 |
       Dungeon |   9024 |   8707 |    317 |      0 |   7225 |  10 |  902.4 |
        Temple |    157 |    157 |      0 |      0 |    111 |   1 |  157.0 |
        Bailey |   1955 |   1955 |      0 |   1174 |    532 |   1 | 1955.0 |
               +--------+--------+--------+--------+--------+-----+--------+

Top non-repeatable levels by time:
  Bailey: 1955 daAuts
     D:4: 1371 daAuts
     D:9: 1134 daAuts
     D:3: 1088 daAuts
     D:8: 918 daAuts
     D:6: 914 daAuts
     D:1: 841 daAuts
    D:10: 770 daAuts
     D:7: 747 daAuts
     D:2: 686 daAuts
     D:5: 550 daAuts
  Temple: 157 daAuts
